 Dungeon Crawl Stone Soup version 0.28.0 (webtiles) character file.

Game seed: 9030200542641876477

26 pericles the Magician (level 2, 0/20 HPs)
             Began as a Draconian Hedge Wizard on Feb 20, 2022.
             Succumbed to an adder's poison
             ... on level 2 of the Dungeon.
             The game lasted 00:04:59 (1130 turns).

pericles the Magician (Draconian Hedge Wizard)      Turns: 1130, Time: 00:04:59

Health: 0/20       AC:  4    Str: 12    XL:     2   Next: 89%
Magic:  2/6        EV: 12    Int: 14    God:
Gold:   55         SH:  0    Dex: 10    Spells: 5/8 levels left

rFire   . . .      SeeInvis .   g - +0 dagger (venom)
rCold   . . .      Faith    .   (no shield)
rNeg    + . .      Spirit   .   (armour unavailable)
rPois   .          Reflect  .   b - +0 hat
rElec   .          Harm     .   (no cloak)
rCorr   .          Rampage  .   (no gloves)
Will    .....                   (no boots)
Stlth   ++........              (no amulet)
HPRegen 0.06/turn               k - ring of positive energy
MPRegen 0.10/turn               (no ring)

@: lethally poisoned (0 -> -8)
A: AC +4, unfitting armour, cold-blooded
a: no special abilities


You were on level 2 of the Dungeon.
You visited 1 branch of the dungeon, and saw 2 of its levels.

You collected 55 gold pieces.

Inventory:

Hand Weapons
 g - a +0 dagger of venom (weapon)
Missiles
 h - 2 poisoned darts
 i - 3 silver javelins
Armour
 b - a +0 hat (worn)
Jewellery
 k - a ring of positive energy (left hand)
Scrolls
 c - 2 scrolls of fog {unknown}
 f - a scroll of summoning {unknown}
 l - a scroll of blinking {unknown}
Potions
 a - a potion of degeneration {unknown}
 d - a potion of heal wounds {unknown}
 e - 2 potions of lignification {unknown}
 j - a potion of curing {unknown}


   Skills:
 + Level 0.2 Short Blades
 + Level 1.8 Dodging
 + Level 2.2 Stealth
 + Level 3.7 Spellcasting
 + Level 1.0 Conjurations
 + Level 1.0 Summonings
 + Level 1.0 Translocations


You had 5 spell levels left.
You knew the following spells:

 Your Spells              Type           Power      Damage    Failure   Level
a - Magic Dart            Conj           20%        1d4       13%         1
b - Blink                 Tloc           10%        N/A       21%         2

Your spell library contained the following spells:

 Spells                   Type           Power      Damage    Failure   Level
 Slow                     Hex            8%         N/A       21%         1
 Call Imp                 Summ           5%         N/A       21%         2
 Corpse Rot               Necr/Air       4%         N/A       30%         2
 Conjure Flame            Conj/Fire      4%         6-21      43%         3
 Mephitic Cloud           Conj/Pois/Air  3%         N/A       45%         3
 Summon Ice Beast         Ice/Summ       4%         N/A       85%         4
 Anguish                  Hex/Necr       1%         N/A       89%         4


Dungeon Overview and Level Annotations

Branches:
Dungeon (2/15)

Altars:


Innate Abilities, Weirdness & Mutations

Your plain brown scales are hard. (AC +4)
You cannot fit into any form of body armour.
You are cold-blooded and may be slowed by cold attacks.


Message History

You closely miss the adder.
The adder is heavily wounded.
The adder bites you.
You are poisoned.
The adder poisons you!
You closely miss the adder.
The adder is heavily wounded.
You feel sick. The adder barely misses you.
Casting: Magic Dart (safe; 13% risk of failure)
Confirm with . or Enter, or press ? or * to list all spells.
Aiming: Magic Dart (safe; 13% risk of failure)
Press: ? - help, Shift-Dir - straight line, f/p - adder
Aim: an adder (heavily wounded, 100% to hit)
The magic dart hits the adder but does no damage.
The adder is heavily wounded.
You feel sick. The adder barely misses you. x2
Casting: Magic Dart (safe; 13% risk of failure)
Confirm with . or Enter, or press ? or * to list all spells.
Aiming: Magic Dart (safe; 13% risk of failure)
Press: ? - help, Shift-Dir - straight line, f/p - adder
Aim: an adder (heavily wounded, 100% to hit)
The magic dart hits the adder.
The adder is heavily wounded.
You feel sick. The adder closely misses you.
Your magical contamination has completely faded away.
Casting: Magic Dart (safe; 13% risk of failure)
Confirm with . or Enter, or press ? or * to list all spells.
You don't have enough magic to cast this spell.
You barely miss the adder.
Your tail-slap misses the adder.
You punch the adder.
The adder is severely wounded.
You feel sick. The adder bites you.
You hit the adder.
The adder is poisoned.
The adder is almost dead.
You feel sick. The adder bites you.
* * * LOW HITPOINT WARNING * * *
You are more poisoned.
The adder poisons you!
A kobold comes into view. It is wielding a +0 short sword.
You die...

......## #..........#
#####..#####..........#
##......#........###
######............#
####...##### ###.##
#..# ##.#####..
#@.S.....#
........#..#####
......####.... K.....
.#.... ..... ......
..... ..... .... .....
.... #..


You could see an adder (very poisoned) and a kobold (wandering).

Vanquished Creatures
  2 dart slugs
  3 endoplasms (D:1)
  A giant cockroach (D:1)
  2 hobgoblins
  A kobold (D:1)
  2 ball pythons (D:1)
  A bat (D:1)
  6 goblins
  2 rats
20 creatures vanquished.

Vanquished Creatures (others)
  5 toadstools (D:1)
5 creatures vanquished.

Grand Total: 25 creatures vanquished

Notes
Turn   | Place    | Note
-------+----------+-------------------------------------------
     0 | D:1      | pericles the Draconian Hedge Wizard began the quest for the
                  | Orb.
     0 | D:1      | Reached XP level 1. HP: 14/14 MP: 4/4
     1 | D:1      | Got the Grimoire of the Sinister Entourage
   248 | D:1      | Reached XP level 2. HP: 20/20 MP: 1/6
   846 | D:2      | Learned a level 2 spell: Blink
  1130 | D:2      | Succumbed to an adder's poison

Illustrated notes

Levels and vault maps discovered:
D:1:      ldierk_walled_garden, layout_basic
D:2:      layout_rooms, dreamdust_ecumenical_altar_hidden_monk_grotto

Skill      XL: |  1 |
---------------+----+-----
Stealth        | 2 |  2.2
Short Blades   | |  0.2
Dodging        | |  1.8
Spellcasting   | |  3.7
Conjurations   | |  1.0
Summonings     | |  1.0
Translocations | |  1.0

Action                   || total
-------------------------++-------
Melee: Dagger            ||    21
       Punch             ||     1
 Cast: Magic Dart        ||    44
       Blink             ||     2
Armor: Skin              ||     4
Dodge: Dodged            ||     7
